Map: Daybreak LE (Void)

Players

Fropez

  • Race: Protoss Protoss
  • League: Gold
  • Spawn Location: 7:00

serjimmy - Winner!

  • Race: Zerg Zerg
  • League: Platinum
  • Spawn Location: 1:00

VOD

Have the link to the VOD?

Description

Time

  • Played on: Dec. 5, 2016, 11:15 a.m.
  • Length: 14:38
Show
View Real Time Build Order
Export as new Build Order

Fropez Protoss 

Build Orders: 1 Gate Expand, Dark Templar Rush 

Get SALT Encoding   

  12  0:01  Probe (Chrono Boost)  
  13  0:14  Pylon  
  13  0:18  Probe (Chrono Boost)  
  14  0:30  Probe (Chrono Boost)  
  15  0:38  Gateway  
  15  0:41  Probe (Chrono Boost)  
  16  0:47  Assimilator  
  16  0:52  Probe (Chrono Boost)  
  17  1:19  Nexus  
  17  1:27  Pylon  
  17  1:47  Cybernetics Core  
  17  1:50  Probe (Chrono Boost)  
  19  2:01  Probe (Chrono Boost)  
  19  2:05  Assimilator  
  19  2:19  Probe (Chrono Boost)  
  21  2:30  Probe (Chrono Boost)  
  21  2:32  Twilight Council  
  21  2:33  Warp Gate (Chrono Boost)  
  20  2:38  Pylon  
  20  2:41  Gateway  
  20  2:54  Mothership Core (Chrono Boost)  
  20  2:56  Probe (Chrono Boost)  
  23  3:10  Resonating Glaives (Chrono Boost)  
  23  3:25  Pylon  
  24  3:27  Probe  
  24  3:32  Probe  
  25  3:38  Adept x2  
  25  3:39  Probe  
  30  3:50  Dark Shrine  
  30  3:53  Probe  
  30  3:54  Probe  
  32  4:07  Pylon  
  32  4:17  Probe  
  32  4:18  Probe  
  34  4:33  Probe  
  34  4:34  Probe  
  34  4:36  Robotics Facility  
  34  4:38  Assimilator  
  36  4:40  Adept  
  36  4:41  Adept  
  40  4:46  Probe  
  40  4:51  Pylon, Probe  
  42  4:58  Probe  
  43  5:04  Dark Templar  
  45  5:07  Dark Templar  
  47  5:14  Probe  
  48  5:23  Gateway  
  48  5:25  Warp Prism  
  48  5:28  Pylon  
  50  5:30  Probe  
  50  5:31  Probe  
  52  5:37  Assimilator  
  52  5:42  Probe  
  51  6:21  Gateway  
  51  6:23  Pylon  
  51  6:24  Gateway  
  51  6:27  Gateway  
  51  6:29  Dark Templar  
  51  6:30  Dark Templar x2  
  55  7:13  Observer  
  55  7:14  Robotics Bay  
  56  7:16  Probe x2  
  58  7:29  Forge  
  58  7:36  Pylon  
  58  8:04  Adept x4  
  58  8:05  Adept x2  
  70  8:06  Protoss Ground Weapons Level 1 (Chrono Boost)  
  70  8:08  Probe x2  
  72  8:26  Adept x6  
  72  9:04  Dark Templar x2  
  72  9:05  Dark Templar  
  78  9:17  Dark Templar x3  
  72  9:41  Adept x3  
  72  9:58  Dark Templar  
  72  9:59  Dark Templar x2  
  64  10:20  Adept x3  
  70  10:24  Protoss Ground Weapons Level 2 (Chrono Boost)  
  70  10:33  Nexus  
  70  10:36  Assimilator  
  70  10:40  Assimilator  
  70  10:42  Pylon  
  70  10:45  Pylon  
  70  10:47  Stalker x4  
  70  10:48  Stalker  
  78  10:50  Pylon  
  69  11:19  Dark Templar  
  69  11:21  Stalker x4  
  79  11:28  Gateway  
  79  11:29  Pylon  
  79  11:32  Pylon  
  79  11:33  Photon Cannon  
  79  11:34  Photon Cannon  
  79  11:36  Photon Cannon  
  79  11:53  Zealot x4  
  79  11:54  Zealot  
  73  12:27  Stargate  
  73  12:29  Stargate  
  73  12:30  Pylon  
  73  12:32  Nexus  
  73  12:36  Gateway, Photon Cannon  
  73  12:38  Probe  
  73  12:39  Probe, Photon Cannon, Gateway  
  73  12:41  Pylon  
  73  13:11  Dark Templar x5  
  62  13:58  Dark Templar  
  56  14:03  Phoenix x2  
  56  14:04  Stalker x2  
Show
View Real Time Build Order
Export as new Build Order

serjimmy Zerg - Winner!

Build Orders: Hatch First 

Get SALT Encoding   

  12  0:01  Drone  
  13  0:10  Drone  
  14  0:17  Overlord  
  14  0:35  Drone x2  
  16  0:40  Drone  
  17  1:04  Drone x2  
  17  1:10  Extractor, Hatchery  
  17  1:16  Spawning Pool  
  16  1:21  Drone x2  
  18  1:31  Drone  
  19  1:42  Drone  
  20  1:52  Drone  
  21  2:06  Zergling x2  
  22  2:14  Overlord  
  22  2:21  Queen  
  24  2:41  Queen, Drone x4  
  24  2:42  Hatchery  
  29  2:47  Roach Warren  
  29  2:48  Drone  
  29  2:55  Overlord  
  29  3:05  Drone x2  
  31  3:12  Metabolic Boost  
  31  3:20  Queen  
  31  3:23  Pneumatized Carapace  
  33  3:29  Roach  
  33  3:30  Roach  
  37  3:37  Drone  
  37  3:38  Drone x2  
  40  3:41  Extractor  
  39  3:49  Drone  
  39  3:50  Drone x4  
  44  4:03  Drone x3  
  44  4:06  Queen  
  44  4:07  Drone  
  44  4:09  Overlord  
  50  4:15  Overlord  
  50  4:33  Roach x2  
  50  4:35  Drone, Roach  
  50  4:36  Drone x6  
  63  4:45  Queen  
  63  4:47  Drone  
  63  4:49  Overlord x2  
  66  4:53  Lair  
  66  4:58  Baneling Nest  
  65  5:11  Drone x2  
  65  5:12  Drone x2  
  69  5:22  Drone x3  
  69  5:23  Drone x4  
  69  5:26  Drone x2  
  78  5:29  Extractor  
  78  5:30  Extractor  
  76  5:36  Spore Crawler  
  76  5:38  Drone x2, Spore Crawler  
  75  6:10  Spore Crawler  
  70  6:16  Overseer  
  68  6:23  Drone  
  68  6:24  Drone x4  
  73  6:31  Hatchery  
  72  6:35  Hydralisk Den  
  67  6:44  Drone x3  
  67  6:45  Drone x4  
  67  6:51  Zergling x6  
  67  6:53  Roach x5  
  80  7:05  Hydralisk  
  82  7:12  Overlord  
  82  7:13  Overlord x3  
  82  7:29  Overlord x7  
  82  7:30  Overlord  
  82  7:38  Drone x2  
  84  7:59  Hydralisk x8  
  84  8:00  Hydralisk  
  102  8:13  Burrow  
  102  8:16  Extractor  
  101  8:24  Zergling x16  
  101  8:25  Zergling x2  
  110  8:29  Baneling Nest  
  109  8:34  Centrifical Hooks  
  109  8:37  Grooved Spines  
  109  8:39  Zergling x10  
  112  9:04  Overseer  
  112  9:06  Zergling x12  
  112  9:08  Baneling x8  
  116  9:31  Extractor  
  110  9:42  Hydralisk x5  
  112  10:03  Lair  
  105  10:17  Zergling x2  
  105  10:18  Zergling x10  
  107  10:52  Baneling x8  
  107  10:53  Baneling x4  
  95  11:31  Hatchery  
  95  11:32  Hydralisk x6  
  106  11:41  Zergling x2  
  106  11:42  Zergling x12  
  113  11:55  Zergling x6  
  113  11:56  Zergling x2  
  106  12:18  Hatchery  
  105  12:29  Queen  
  107  12:37  Drone x5  
  112  12:46  Hatchery  
  112  12:47  Extractor  
  112  12:49  Extractor  
  109  13:13  Spore Crawler  
  109  13:17  Drone x2  
  109  13:28  Zergling x10  
  109  13:29  Zergling x2  
  109  13:30  Zergling x8  
  97  13:59  Drone  
  97  14:00  Drone  
  99  14:07  Hydralisk Den  
  99  14:08  Zergling x8  
  99  14:09  Zergling x10  
Tags
 
Add a new tag
Caveats
  • Supply blocks, unpowered buildings, or Contaminate may cause inaccurate times.
  • Supply counts are checked every 10 seconds.